 Dungeon Crawl Stone Soup version 0.20.0-15-g7f486f2 (webtiles) character file.

381 sankara the Cudgeler (level 6, -3/56 HPs)
             Began as a Minotaur Fighter on June 9, 2017.
             Slain by an ogre
             ... wielding a +0 giant club
              (10 damage)
             ... on level 3 of the Dungeon.
             The game lasted 00:07:32 (2788 turns).

sankara the Cudgeler (Minotaur Fighter)             Turns: 2788, Time: 00:07:33

Health: -3/56      AC: 22    Str: 20    XL:     6   Next: 46%
Magic:  5/5        EV:  4    Int:  5    God:
Gold:   62         SH: 10    Dex: 14    Spells: 5/5 levels left

rFire    . . .     SeeInvis .   a - +0 flail
rCold    . . .     Gourm    .   c - +0 shield
rNeg     . . .     Faith    .   e - +9 plate armour {ponderous}
rPois    +         Spirit   .   (helmet restricted)
rElec    .         Reflect  .   (no cloak)
rCorr    .         Harm     .   (no gloves)
MR       .....                  s - +0 pair of boots
Stlth    ..........             m - amulet of regeneration
Regen    0.6/turn               n - ring of poison resistance
MPRegen  0.1/turn               r - +2 ring of dexterity

@: slow
A: retaliatory headbutt, horns 2
a: no special abilities


You were on level 3 of the Dungeon.
You were not hungry.

You visited 1 branch of the dungeon, and saw 4 of its levels.

You collected 62 gold pieces.

Inventory:

Hand Weapons
 a - a +0 flail (weapon)
Armour
 b - a +0 scale mail
 c - a +0 shield (worn)
 e - a +9 plate armour of ponderousness (worn)
 s - a +0 pair of boots (worn)
Jewellery
 m - an amulet of regeneration (around neck)
 n - a ring of poison resistance (left hand)
 p - an uncursed ring of see invisible
 r - a +2 ring of dexterity (right hand)
Scrolls
 k - a scroll of amnesia
 l - 3 scrolls of teleportation
 q - a scroll of enchant weapon {unknown}
Potions
 d - 2 potions of might
 g - a potion of curing
 i - a potion of mutation {unknown}
Comestibles
 f - a bread ration
 h - 3 fruits
 j - 3 royal jellies
 o - a meat ration


   Skills:
 + Level 5.3 Fighting
 * Level 5.9 Maces & Flails
 + Level 4.3 Armour
 - Level 5.0 Shields


You had 5 spell levels left.
You didn't know any spells.

Dungeon Overview and Level Annotations

Branches:
Dungeon (4/15)
 Temple: D:4-7

Altars:


Innate Abilities, Weirdness & Mutations

You reflexively headbutt those who attack you in melee.
You have a pair of horns on your head.


Message History

You block the hound's attack. The ogre hits you with a giant club.
* * * LOW HITPOINT WARNING * * *
You hit the hound.
The hound is almost dead.
You block the hound's attack. The ogre hits you but does no damage.
The hound bites you but does no damage.
You miss the hound.
The hound is almost dead.
You block the hound's attack. The ogre hits you but does no damage.
You block the hound's attack.
Your shield and plate armour prevent you from hitting the hound.
The hound is almost dead.
You block the hound's attack. You block the ogre's attack.
The hound bites you but does no damage.
You closely miss the hound.
The hound is almost dead.
The hound barely misses you. You furiously retaliate!
You headbutt the hound.
You kill the hound!
The ogre hits you with a giant club!
You die...

### ..#
..#########################
....[.........OO@†........#
..#####.....#############.#
...####.....# #.#
............# #.#
............# #.#
............# #.#
............# #.#
.........#### #.#
.........########## #.#


You could see 2 ogres.

Vanquished Creatures
  The ghost of Yermak the Cutter, an amateur VSGl (D:3)
  An ogre (D:4)
  A hound (D:3)
  Terence (D:3)
  8 adders
  3 worms
  A dart slug (D:2)
  3 giant cockroaches
  10 goblins
  5 hobgoblins
  2 jackals (D:1)
  2 quokkas (D:3)
  3 ball pythons (D:2)
  7 bats
  4 frilled lizards
  8 kobolds
  7 rats
67 creatures vanquished.

Notes
Turn   | Place    | Note
-------+----------+-------------------------------------------
     0 | D:1      | sankara the Minotaur Fighter began the quest for the Orb.
     0 | D:1      | Reached XP level 1. HP: 19/19 MP: 0/0
   435 | D:1      | Reached XP level 2. HP: 24/27 MP: 1/1
   875 | D:2      | Reached XP level 3. HP: 24/33 MP: 2/2
  1469 | D:2      | Reached XP level 4. HP: 38/40 MP: 3/3
  2012 | D:3      | Noticed Yermak's ghost (amateur VSGl)
  2176 | D:3      | Killed Yermak's ghost
  2176 | D:3      | Reached skill level 5 in Maces & Flails
  2176 | D:3      | Reached XP level 5. HP: 20/47 MP: 4/4
  2602 | D:3      | Noticed Terence
  2607 | D:3      | Killed Terence
  2607 | D:3      | Reached skill level 5 in Fighting
  2607 | D:3      | Reached skill level 5 in Shields
  2718 | D:3      | Reached XP level 6. HP: 56/56 MP: 5/5
  2777 | D:4      | HP: 2/56 [ogre/giant spiked club (19)]
  2788 | D:3      | Slain by an ogre

Skill      XL: |  1  2  3  4  5 |
---------------+----------------+-----
Maces & Flails | 3 4 5 |  5.9
Shields        | 4 5 |  5.0
Fighting       | 4 5 |  5.3
Armour         | 4 |  4.3

Action                   |  1- 3 |  4- 6 || total
-------------------------+-------+-------++-------
Melee: Flail             |   100 |   140 ||   240
       Headbutt          |    14 |    26 ||    40
  Use: Scroll            |     4 |     2 ||     6
  Eat: Chunk             |     2 |     4 ||     6
Armor: Scale mail        |    50 |    22 ||    72
       Plate armour      |       |    54 ||    54
Dodge: Dodged            |    41 |    33 ||    74
Block: Shield            |    62 |    70 ||   132
